 Dungeon Crawl Stone Soup version 0.30.1-4-g462c640d31 (webtiles) character file.

Game seed: 8220785196827944975

129 monsoonserge the Slasher (level 4, 0/37 HPs)
             Began as a Demonspawn Monk on Sept 2, 2023.
             Slain by Crazy Yiuf
             ... wielding a +3 quarterstaff of chaos
              (2 damage)
             ... on level 2 of the Dungeon.
             The game lasted 00:02:47 (1642 turns).

monsoonserge the Slasher (Demonspawn Monk)          Turns: 1642, Time: 00:02:48

Health: 0/37       AC:  2    Str: 11    XL:     4   Next: 88%
Magic:  4/4        EV: 13    Int: 11    God:
Gold:   110        SH:  0    Dex: 18    Spells: 3/3 levels left

rFire   . . .        a - +0 falchion
rCold   . . .        d - orb {light}
rNeg    . . .        b - +0 robe
rPois   .            (no helmet)
rElec   .            (no cloak)
rCorr   .            (no gloves)
SInv    .            (no boots)
Will    .....        (no amulet)
Stlth   +            (no ring)
HPRegen 0.26/turn    (no ring)
MPRegen 0.09/turn

%: no passive effects
@: mighty, glowing
A: ignite blood 1, spiny 1, weakness stinger 1
a: no special abilities


You were on level 2 of the Dungeon.
You visited 1 branch of the dungeon, and saw 2 of its levels.

You collected 110 gold pieces.

Inventory:

Hand Weapons
 a - a +0 falchion (weapon)
Armour
 b - a +0 robe (worn)
 d - an orb of light (worn)
Magical Staves
 f - a staff of air
Scrolls
 g - a scroll of vulnerability {unknown}
 k - a scroll of amnesia {unknown}
 l - 3 scrolls of enchant armour {unknown}
 m - a scroll of blinking {unknown}
 n - a scroll of noise {unknown}
Potions
 c - a potion of ambrosia
 e - a potion of heal wounds {unknown}
 h - a potion of haste {unknown}
 i - a potion of cancellation {unknown}
 j - a potion of flight {unknown}


   Skills:
 + Level 3.7 Fighting
 + Level 4.1 Long Blades
 + Level 3.3 Dodging
 + Level 0.7 Stealth


You had 3 spell levels left.
You didn't know any spells.
Your spell library contained the following spells:

 Spells                   Type           Power      Damage    Failure   Level
 Sandblast                Erth           0%         2d4       34%         1
 Passwall                 Tmut/Erth      0%         N/A       47%         2
 Ozocubu's Armour         Ice            0%         N/A       71%         3
 Stone Arrow              Conj/Erth      0%         3d7       71%         3
 Metabolic Englaciation   Hex/Ice        0%         N/A       100%        5
 Simulacrum               Ice/Necr       0%         N/A       100%        6


Dungeon Overview and Level Annotations

Branches:
Dungeon (2/15)

Altars:

Annotations:
D:2 Crazy Yiuf


Innate Abilities, Weirdness & Mutations

Your demonic aura sometimes causes spilled blood to erupt in flames.
You are partially covered in sharp spines.
You have a small tail.


Message History

The goblin is struck by your spines. The goblin hits you with a +0 club.
You barely miss the goblin.
The goblin is severely wounded.
The goblin barely misses you.
You hit the goblin.
You kill the goblin!
Things that are here:
a +0 club; a goblin corpse
n - a scroll labelled UPA TIGEUTHUL
There are no items here.
You open the door.
There is an open door here.
Why would you want to do that?
There is an open door here.
Found a hammer.
Found a runed translucent door.
Crazy Yiuf says, "Crazy?
Crazy!?
PORCUPINE!"
Could not explore, unopened runed door.
You open the door.
Crazy Yiuf yells, "Rifle hog hand!"
You hit Crazy Yiuf but do no damage.
Crazy Yiuf hits you with a +3 quarterstaff of chaos!
You hit Crazy Yiuf but do no damage. Crazy Yiuf barely misses you.
You hit Crazy Yiuf but do no damage.
You tail-slap Crazy Yiuf, but do no damage.
Crazy Yiuf is struck by your spines.
Crazy Yiuf hits you with a +3 quarterstaff of chaos.
Crazy Yiuf freezes you.
You hit Crazy Yiuf but do no damage.
Crazy Yiuf is lightly wounded.
Crazy Yiuf says, "Paint sing high!"
Crazy Yiuf is struck by your spines.
Crazy Yiuf hits you with a +3 quarterstaff of chaos!
* * * LOW HITPOINT WARNING * * *
You feel very mighty all of a sudden.
You hit Crazy Yiuf.
Crazy Yiuf is severely wounded.
Crazy Yiuf hits you with a +3 quarterstaff of chaos.
* * * LOW HITPOINT WARNING * * *
Crazy Yiuf burns you.
You die...

.#.#####.# #...#
#####.# ...# #.# ##..#
##.# ...## #.# #..#
#..# .#..## ### ####
#.## .##..## #.#
......######### #.#
.##....#.'P.#.### ###
#.#
.#...#.......#..##...#
#.#
....#.......####@g...#
#.# ..#.....^'P##
###..)# ######.#
..#...###.## ###
#......# ........#.#
######## ..#.....#.#
...###....####### ###
..####.#..#..<..# #.#
.......##.#.###.# #.#
.#####).....# #.# #.#


You could see Crazy Yiuf.

Vanquished Creatures
  Natasha (thrice) (D:2)
  2 adders (D:2)
  A worm (D:2)
  3 bats
  An endoplasm (D:2)
  5 goblins
  2 hobgoblins
  2 jackals (D:1)
  6 kobolds
  3 quokkas (D:1)
  5 ball pythons
  3 frilled lizards (D:1)
36 creatures vanquished.

Notes
Turn   | Place    | Note
-------+----------+-------------------------------------------
     0 | D:1      | monsoonserge the Demonspawn Monk began the quest for the
                  | Orb.
     0 | D:1      | Reached XP level 1. HP: 18/18 MP: 1/1
   222 | D:1      | Gained mutation: You are partially covered in sharp spines.
                  | [demonic ancestry]
   222 | D:1      | Reached XP level 2. HP: 24/24 MP: 2/2
   388 | D:1      | Reached skill level 3 in Long Blades
   975 | D:2      | Noticed Natasha
   979 | D:2      | Killed Natasha
   980 | D:2      | Gained mutation: Your demonic aura sometimes causes spilled
                  | blood to erupt in flames. [demonic ancestry]
   980 | D:2      | Reached XP level 3. HP: 27/29 MP: 3/3
  1204 | D:2      | Gained mutation: You have a small tail. [demonic ancestry]
  1204 | D:2      | Reached XP level 4. HP: 33/35 MP: 4/4
  1251 | D:2      | Noticed Natasha
  1261 | D:2      | Killed Natasha
  1312 | D:2      | Noticed Natasha
  1314 | D:2      | Killed Natasha
  1315 | D:2      | Reached skill level 4 in Long Blades
  1340 | D:2      | Found a faded altar of an unknown god.
  1633 | D:2      | Found a runed translucent door.
  1634 | D:2      | Noticed Crazy Yiuf
  1642 | D:2      | Slain by Crazy Yiuf

Illustrated notes

Levels and vault maps discovered:
D:1:      nzn_arrival_crosshair, layout_basic, serial_bayou_crossing
D:2:      layout_loops_ring, basic_ecumenical_altar, kennysheep_nondescript,
          uniq_crazy_yiuf_cottage, uniq_natasha

Skill      XL: |  1  2  3  4 |
---------------+-------------+-----
Long Blades    | 3 4 |  4.1
Dodging        | 3 |  3.3
Fighting       | |  3.7
Stealth        | |  0.7

Action                     |  1- 3 |  4- 6 || total
---------------------------+-------+-------++-------
  Melee: Falchion          |    65 |    21 ||    86
         Tailslap          |       |     4 ||     4
 Armour: Robe              |    12 |     2 ||    14
  Dodge: Dodged            |    35 |    10 ||    45
